 Dungeon Crawl Stone Soup version 0.28-a0-1629-gf728b707aa (webtiles) character file.

Game seed: 12489150004388665179

10868 frimble the Slicer (level 11, -3/81 HPs)
             Began as a Demonspawn Warper on Jan 24, 2022.
             Slain by Harold (10 damage)
             ... on level 7 of the Dungeon on Jan 25, 2022.
             The game lasted 00:26:39 (18213 turns).

frimble the Slicer (Demonspawn Warper)             Turns: 18213, Time: 00:26:40

Health: -3/81      AC:  8    Str: 13    XL:     11   Next: 41%
Magic:  13/14      EV: 13    Int: 18    God:
Gold:   544        SH:  0    Dex: 14    Spells: 12/14 levels left

rFire   . . .      SeeInvis +   b - +2 short sword (venom)
rCold   . . .      Faith    .   (no shield)
rNeg    . . .      Spirit   .   D - +0 steam dragon scales
rPois   +          Reflect  .   (helmet restricted)
rElec   .          Harm     .   k - +1 cloak
rCorr   .          Rampage  .   (no gloves)
Will    .....                   v - +0 pair of boots
Stlth   ++++......              (no amulet)
HPRegen 0.23/turn               e - ring of see invisible
MPRegen 0.14/turn               C - ring of poison resistance

@: marked
A: antennae 2, thin skeletal structure 1, ignite blood 1, demonic magic 2
a: no special abilities


You were on level 7 of the Dungeon.
You visited 1 branch of the dungeon, and saw 11 of its levels.

You collected 583 gold pieces.
You spent 39 gold pieces at shops.

Inventory:

Hand Weapons
 a - a +3 short sword of freezing
 b - a +2 short sword of venom (weapon)
 m - the +4 dagger of Discord {speed, Will+ Dex+7}
   (You found it on level 3 of the Dungeon)

   Attacks with this weapon are significantly faster.
   Dex:       It affects your dexterity (+7).
   Will:      It increases your willpower.
Missiles
 y - 9 boomerangs (quivered)
Armour
 k - a +1 cloak (worn)
 v - a +0 pair of boots (worn)
 D - +0 steam dragon scales (worn)
 I - a +0 kite shield
Jewellery
 e - a ring of see invisible (left hand)
 C - a ring of poison resistance (right hand)
Wands
 f - a wand of iceblast (1)
 h - a wand of digging (5)
 p - a wand of paralysis (6)
 u - a wand of flame (23)
Scrolls
 c - 3 scrolls of blinking
 d - 4 scrolls of immolation
 g - a scroll of vulnerability
 j - 3 scrolls of teleportation
 l - a scroll of brand weapon
 r - a scroll of amnesia
 s - a scroll of acquirement
 w - a scroll of magic mapping
 z - 2 scrolls of fog
 F - 3 scrolls of identify
 G - a scroll of fear
Potions
 i - a potion of degeneration {unknown}
 n - 4 potions of attraction
 o - 4 potions of heal wounds
 q - a potion of lignification {unknown}
 t - a potion of resistance
 A - 3 potions of mutation
 E - a potion of magic {unknown}


   Skills:
 - Level 6.0 Fighting
 + Level 11.5 Short Blades
 - Level 0.8 Throwing
 - Level 0.8 Armour
 - Level 4.0 Dodging
 - Level 5.0 Stealth
 - Level 2.0 Spellcasting
 - Level 8.0 Translocations
 - Level 6.0 Evocations


You had 12 spell levels left.
You knew the following spells:

 Your Spells              Type           Power      Damage    Failure   Level
a - Blink                 Tloc           60%        N/A       1%          2

Your spell library contained the following spells:

 Spells                   Type           Power      Damage    Failure   Level
 Gell's Gravitas          Tloc           30%        N/A       1%          3
 Lesser Beckoning         Tloc           30%        N/A       1%          3
 Teleport Other           Tloc           30%        N/A       1%          3
 Sandblast                Erth           2%         2d4       19%         1
 Manifold Assault         Tloc           30%        N/A       19%         5
 Passwall                 Tmut/Erth      0%         N/A       26%         2
 Static Discharge         Conj/Air       1%         N/A       26%         2
 Conjure Flame            Conj/Fire      1%         6-21      47%         3
 Ignite Poison            Fire/Tmut/Pois 1%         N/A       47%         3
 Stone Arrow              Conj/Erth      2%         3d7       47%         3
 Dispel Undead            Necr           1%         3d6       87%         4
 Hailstorm                Conj/Ice       1%         3d3       87%         4
 Ice Form                 Ice/Tmut       1%         N/A       87%         4
 Sticky Flame             Conj/Fire      1%         2d3       87%         4
 Simulacrum               Ice/Necr       0%         N/A       100%        6


Dungeon Overview and Level Annotations

Branches:
Dungeon (11/15)            Temple (0/1) D:5            Lair (0/6) D:8
    Orc (0/2) D:10

Altars:
Ashenzari
Cheibriados
Dithmenos
Elyvilon
Fedhas
Gozag
Hepliaklqana
Makhleb
Nemelex Xobeh
Okawaru
Qazlal
Sif Muna
Wu Jian
Xom
Yredelemnul
The Shining One

Shops:
D:2 (?((

Annotations:
D:7 Harold


Innate Abilities, Weirdness & Mutations

You have a pair of antennae on your head.
You have a somewhat thin skeletal structure. (Dex +2, Stealth+)
Your demonic aura sometimes causes spilled blood to erupt in flames.
Spells you cast may paralyse nearby enemies.


Message History

You become entangled in the net!
Casting: Blink (safe; 1% risk of failure)
Confirm with . or Enter, or press ? or * to list all spells.
You don't know that spell.
You tear a large gash into the net.
The black bear bites you but does no damage.
The black bear claws you but does no damage.
The black bear completely misses you.
Harold hits you from afar with a +0 glaive!!
You struggle against the net.
You feel stable enough to blink again. The black bear bites you.
The black bear claws you but does no damage.
The black bear claws you. Harold gestures at you while chanting.
A sentinel's mark forms upon you.
Casting: Blink (safe; 1% risk of failure)
Confirm with . or Enter, or press ? or * to list all spells.
You blink.
Malevolent energies surge around you. Harold fires a harpoon shot at you.
The harpoon shot hits you!
You are yanked forward by the harpoon shot.
Okay, then.
The black bear is engulfed in blazing flames.
Harold hits you from afar with a +0 glaive!
* * * LOW HITPOINT WARNING * * *
You feel stable enough to blink again. The black bear closely misses you.
The black bear claws you but does no damage.
The black bear claws you.
* * * LOW HITPOINT WARNING * * *
Harold fires a harpoon shot at you. The harpoon shot hits you!
* * * LOW HITPOINT WARNING * * *
You are yanked forward by the harpoon shot.
The black bear bites you.
* * * LOW HITPOINT WARNING * * *
The black bear barely misses you. The black bear closely misses you.
Harold hits you from afar with a +0 glaive!
You die...

#.# #.# #..# ..# #.#
#..# ..### ###.####
#..# ....##
##......###..# ###<.##
##.......)##..# # ##..#
#..........#..# # ##.#
#..........#..# # #.#
#).<...○h..#@.# #
#.###.......@..#..# #
#...#.........@#..#
#######.##....)...#...#
....#....)..........#.#
..#...###..........##.#
......###..........##.#
##.##(.##..........##.#
##.###.............##.#
##.##.............###.#


You could see Harold and a black bear.

Vanquished Creatures
  Erolcha (D:10)
  3 two-headed ogres
  A centaur zombie (D:10)
  2 hornets
  Grinder (D:3)
  Prince Ribbit (D:5)
  Sigmund (D:3)
  15 yaks
  2 wraiths
  Eustachio (D:6)
  2 steam dragons
  3 water moccasins
  4 orc warriors
  2 ice beasts
  4 ogres
  A necrophage (D:7)
  3 centaurs
  A phantom (D:5)
  6 kobold brigands
  Blork the orc (D:6)
  2 gnoll sergeants
  5 bullfrogs
  3 scorpions
  12 wights
  An electric eel (D:10)
  4 howler monkeys
  A bullfrog zombie (D:5)
  A crimson imp (D:3)
  A centaur skeleton (D:5)
  3 hounds
  Crazy Yiuf (D:4)
  4 orc priests
  A gnoll shaman (D:6)
  11 orc wizards
  Natasha (thrice) (D:3)
  Robin (D:4)
  7 gnolls
  7 adders
  A shadow imp (D:5)
  An ufetubus (D:5)
  An adder zombie (D:5)
  3 worms
  A dart slug (D:3)
  37 orcs
  6 ball pythons
  5 endoplasms
  A giant cockroach (D:2)
  20 goblins
  3 hobgoblins
  6 jackals
  37 kobolds
  3 quokkas (D:2)
  2 bats (D:3)
  3 frilled lizards
  4 rats
  A spectral hobgoblin (D:3)
258 creatures vanquished.

Vanquished Creatures (others)
  12 fungi
  9 plants
21 creatures vanquished.

Grand Total: 279 creatures vanquished

Notes
Turn   | Place    | Note
-------+----------+-------------------------------------------
     0 | D:1      | frimble the Demonspawn Warper began the quest for the Orb.
     0 | D:1      | Reached XP level 1. HP: 16/16 MP: 3/3
    35 | D:1      | Reached skill level 2 in Short Blades
   394 | D:1      | Gained mutation: You have a somewhat thin skeletal
                  | structure. (Dex +2, Stealth+) [demonic ancestry]
   394 | D:1      | Reached XP level 2. HP: 18/22 MP: 5/5
  1014 | D:2      | Found Xylic's Antique Weapon Boutique.
  1025 | D:2      | Reached skill level 3 in Short Blades
  1403 | D:2      | Gained mutation: Spells you cast may paralyse adjacent
                  | enemies. [demonic ancestry]
  1403 | D:2      | Reached XP level 3. HP: 22/27 MP: 6/6
  1413 | D:2      | Learned a level 2 spell: Blink
  1592 | D:2      | Found Toucikadgh's Weapon Shop.
  1706 | D:2      | Found a faded altar of an unknown god.
  2001 | D:2      | Found Feguabon's Antique Weapon Shoppe.
  2075 | D:2      | Found Mam Laux's Magic Scroll Emporium.
  2079 | D:2      | Bought a scroll of teleportation for 39 gold pieces
  2102 | D:3      | Found a broken altar of Ashenzari.
  2111 | D:3      | Found a shimmering blue altar of Sif Muna.
  2140 | D:3      | Reached skill level 4 in Short Blades
  2140 | D:3      | Gained mutation: You have a pair of small antennae on your
                  | head. [demonic ancestry]
  2140 | D:3      | Reached XP level 4. HP: 33/33 MP: 7/7
  2220 | D:3      | Noticed Grinder
  2284 | D:4      | Noticed Robin
  2409 | D:4      | Killed Robin
  2675 | D:4      | Found an iron altar of Okawaru.
  2852 | D:4      | Noticed a scorpion
  2874 | D:4      | Killed a scorpion
  2875 | D:4      | Reached skill level 5 in Short Blades
  2875 | D:4      | Gained mutation: Spells you cast may paralyse nearby
                  | enemies. [demonic ancestry]
  2875 | D:4      | Reached XP level 5. HP: 13/38 MP: 6/8
  3506 | D:4      | Found a runed translucent door.
  3507 | D:4      | Noticed Crazy Yiuf
  3587 | D:3      | Found a burning altar of Makhleb.
  3587 | D:3      | Noticed Natasha
  3596 | D:3      | Killed Natasha
  3607 | D:3      | Found a shimmering altar of Xom.
  4126 | D:5      | Entered Level 5 of the Dungeon
  4161 | D:5      | Noticed an ogre
  4170 | D:5      | Killed an ogre
  4171 | D:5      | Reached XP level 6. HP: 44/44 MP: 6/9
  4257 | D:4      | Reached skill level 1 in Stealth
  4613 | D:5      | Identified the +4 mace "Keonihuw" {flame, Fly rF+ MP+9
                  | SInv}
  5202 | D:5      | Gained mutation: Your demonic aura sometimes causes spilled
                  | blood to erupt in flames. [demonic ancestry]
  5202 | D:5      | Reached XP level 7. HP: 24/50 MP: 7/10
  5368 | D:5      | Found a staircase to the Ecumenical Temple.
  5441 | D:5      | Reached skill level 6 in Short Blades
  6128 | D:5      | Noticed Prince Ribbit
  6135 | D:5      | Killed Prince Ribbit
  6147 | D:5      | Reached skill level 5 in Translocations
  6147 | D:5      | Reached XP level 8. HP: 40/56 MP: 11/11
  7419 | D:6      | Reached skill level 7 in Short Blades
  7466 | D:6      | Found a shadowy altar of Dithmenos.
  7495 | D:6      | Noticed Eustachio
  7511 | D:6      | Killed Eustachio
  7657 | D:6      | Noticed Blork the orc
  7678 | D:6      | Killed Blork the orc
  8028 | D:6      | Noticed a hornet
  8032 | D:6      | Killed a hornet
  8451 | D:7      | Reached skill level 5 in Stealth
  8451 | D:7      | Reached XP level 9. HP: 37/61 MP: 12/12
  8588 | D:7      | Reached skill level 1 in Evocations
  9766 | D:6      | Found a sparkling altar of Nemelex Xobeh.
 10083 | D:7      | Found an opulent altar of Gozag.
 10320 | D:7      | Found an ornate altar of the Wu Jian Council.
 10356 | D:7      | Reached skill level 8 in Short Blades
 11225 | D:8      | Noticed an angel
 11230 | D:8      | Found a basalt altar of Yredelemnul.
 11232 | D:8      | Noticed a profane servitor
 11460 | D:8      | Identified the +3 trident "Govehi" {vorpal, Fragile Str+9}
 11783 | D:8      | Gained mutation: You have a pair of antennae on your head.
                  | [demonic ancestry]
 11783 | D:8      | Reached XP level 10. HP: 61/73 MP: 11/13
 12002 | D:8      | Found a staircase to the Lair.
 12027 | D:8      | Reached skill level 5 in Fighting
 12382 | D:4      | Killed Crazy Yiuf
 12645 | D:3      | Killed Grinder
 12865 | D:3      | Found a stormy altar of Qazlal.
 12873 | D:3      | Noticed Natasha
 12879 | D:3      | Killed Natasha
 13218 | D:3      | Identified the +4 dagger of Discord {speed, Will+ Dex+7}
 13250 | D:3      | Noticed Natasha
 13396 | D:3      | Killed Natasha
 13464 | D:3      | Found a hazy altar of Hepliaklqana.
 13496 | D:3      | Noticed Sigmund
 13512 | D:3      | Killed Sigmund
 14152 | D:9      | Found a snail-covered altar of Cheibriados.
 14455 | D:9      | Noticed a two-headed ogre
 14498 | D:9      | Killed a two-headed ogre
 14499 | D:9      | Reached skill level 9 in Short Blades
 14499 | D:9      | Reached skill level 5 in Evocations
 15516 | D:10     | Entered Level 10 of the Dungeon
 15557 | D:10     | Noticed a two-headed ogre
 15604 | D:10     | Killed a two-headed ogre
 16114 | D:10     | Noticed a two-headed ogre
 16164 | D:10     | Killed a two-headed ogre
 16548 | D:10     | Found a blossoming altar of Fedhas.
 16637 | D:10     | Noticed Erolcha
 16657 | D:10     | Reached skill level 10 in Short Blades
 16657 | D:10     | Reached XP level 11. HP: 65/81 MP: 14/14
 16664 | D:10     | Killed Erolcha
 16700 | D:10     | Reached skill level 11 in Short Blades
 16964 | D:10     | Found a staircase to the Orcish Mines.
 17051 | D:10     | Identified a scroll of acquirement
 17813 | D:7      | Noticed Harold
 18213 | D:7      | Slain by Harold

Illustrated notes

Levels and vault maps discovered:
D:1:      amcnicky_arrival_flooded_fountain, layout_basic
D:2:      layout_loops_cross, hellmonk_ecumenical_altar_run_dry, serial_shops,
          shop, nicolae_shop_overgrown_old_shop, shop_statue, shop
D:3:      layout_rooms, grunt_temple_overflow_champion_of_chaos,
          nicolae_hepliaklqana_monster_ancestors,
          mainiacjoe_overflow_catwalk_spiral, nicolae_qazlal_scattered_showers,
          uniq_sigmund, uniq_natasha, uniq_grinder
D:4:      layout_cave_pods, okawaru_trees_1, chequers_serial_rivers_large_b,
          uniq_robin, uniq_crazy_yiuf_cottage
D:5:      layout_gridville, minmay_temple_entry_statues_pillars,
          hangedman_minor_gate_pass, uniq_prince_ribbit1
D:6:      layout_loops_ring, lemuel_crystal_altar, mainiacjoe_overflow_swirl,
          uniq_blork_the_orc, uniq_eustachio
D:7:      layout_rooms, nzn_wu_jian_council_hall,
          mainiacjoe_overflow_small_starburst, kennysheep_small_circle,
          uniq_harold
D:8:      layout_loops_cross, grunt_temple_overflow_holy_war,
          grunt_lair_entry_orc_guard_hut
D:9:      layout_stronghold, cheibriados_altar_1, nicolae_fountain_basement
D:10:     layout_basic, marbit_many_paths, orc_0_dummy, nicolae_zen_rock_garden,
          uniq_erolcha
D:11:     layout_basic, enter_trove_0, hangedman_fish_farm

Skill      XL: |  1  2  3  4  5  6  7  8  9 10 11 |
---------------+----------------------------------+-----
Short Blades   | 2 3 4 5 6 7 8 10 11 | 11.5
Translocations | 3 4 5 6 7 8 |  8.0
Stealth        | 1 3 5 |  5.0
Dodging        | 3 4 |  4.0
Evocations     | 4 6 |  6.0
Fighting       | 4 6 |  6.0
Throwing       | |  0.8
Armour         | |  0.8
Spellcasting   | |  2.0

Action                   |  1- 3 |  4- 6 |  7- 9 | 10-12 || total
-------------------------+-------+-------+-------+-------++-------
Melee: Short sword       |   158 |   116 |   192 |   191 ||   657
       Punch             |     1 |     4 |     7 |     7 ||    19
       Dagger            |       |    82 |   255 |   176 ||   513
       Mace              |       |     4 |       |       ||     4
       Unarmed           |       |       |     4 |       ||     4
Throw: Boomerang         |       |     4 |     9 |    30 ||    43
 Cast: Blink             |       |    17 |    26 |    23 ||    66
Evoke: Wand              |       |     5 |    10 |    10 ||    25
  Use: Scroll            |     2 |     2 |     9 |     3 ||    16
       Potion            |       |     2 |     1 |     1 ||     4
 Stab: Sleeping          |     7 |     2 |     6 |     4 ||    19
       Paralysed         |       |     8 |     7 |     1 ||    16
Armor: Leather armour    |    48 |    77 |    79 |       ||   204
       Steam dragon scal |       |       |     5 |    66 ||    71
Dodge: Dodged            |    73 |    95 |   194 |   138 ||   500

Table legend: (Time is in decaauts)
 A = Elapsed time spent in this place.
 B = Non-inter-level travel time spent in this place.
 C = Inter-level travel time spent in this place.
 D = Time resting spent in this place.
 E = Time spent auto-exploring this place.
 F = Levels seen in this place.
 G = Mean time per level.
                   A        B        C        D        E       F      G
               +--------+--------+--------+--------+--------+-----+--------+
         Total |  17920 |  16932 |    988 |   1023 |  13053 |  11 | 1629.1 |
       Dungeon |  17920 |  16932 |    988 |   1023 |  13053 |  11 | 1629.1 |
               +--------+--------+--------+--------+--------+-----+--------+

Top non-repeatable levels by time:
     D:5: 2848 daAuts
     D:6: 2443 daAuts
    D:10: 2127 daAuts
     D:4: 2114 daAuts
     D:8: 1938 daAuts
     D:3: 1463 daAuts
     D:9: 1358 daAuts
     D:2: 1308 daAuts
     D:7: 1247 daAuts
     D:1: 975 daAuts
    D:11: 94 daAuts
